 Dungeon Crawl Stone Soup version 0.27.1-3-gb3d3a73c9e (webtiles) character file.

Game seed: 17528075477124421285

523 Crownlay the Shield-Bearer (level 7, 0/52 HPs)
             Began as a Formicid Fighter on Oct 16, 2021.
             Was a Believer of Kikubaaqudgha.
             Slain by an orc (12 damage)
             ... on level 4 of the Dungeon.
             The game lasted 00:06:07 (6041 turns).

Crownlay the Shield-Bearer (Formicid Fighter)       Turns: 6041, Time: 00:06:08

Health: 0/52       AC:  6    Str: 28    XL:     7   Next: 46%
Magic:  7/7        EV: 10    Int: 14    God:    Kikubaaqudgha [**....]
Gold:   140        SH:  0    Dex: 10    Spells: 6/6 levels left

rFire    . . .     SeeInvis +   a - +0 long sword
rCold    . . .     Faith    .   (no shield)
rNeg     . . .     Spirit   .   b - +0 scale mail
rPois    .         Reflect  .   (helmet unavailable)
rElec    .         Harm     .   (no cloak)
rCorr    .         Rampage  .   (no gloves)
Will     .....                  (no boots)
Stlth    ..........             (no amulet)
HPRegen  0.17/turn              m - +6 ring of strength
MPRegen  0.10/turn              d - +6 ring of intelligence

@: no status effects
A: permanent stasis, dig shafts and tunnels, antennae 3, four strong arms
a: Dig, Shaft Self, Renounce Religion, Receive Corpses


You were on level 4 of the Dungeon.
You worshipped Kikubaaqudgha.
Kikubaaqudgha was pleased with you.
You visited 1 branch of the dungeon, and saw 4 of its levels.

You collected 140 gold pieces.

Inventory:

Hand Weapons
 a - a +0 long sword (weapon)
Armour
 b - a +0 scale mail (worn)
 c - a +0 kite shield
Jewellery
 d - a +6 ring of intelligence (right hand)
 m - a +6 ring of strength (left hand)
Scrolls
 e - a scroll of immolation {unknown}
 f - 4 scrolls of identify
 g - a scroll of torment {unknown}
 h - 3 scrolls of amnesia
 k - a scroll of enchant weapon {unknown}
 n - 2 scrolls of magic mapping
 q - a scroll of teleportation {unknown}
Potions
 i - a potion of flight {unknown}
 j - a potion of curing
 l - a potion of magic {unknown}
 o - a potion of mutation {unknown}
 p - a potion of brilliance {unknown}


   Skills:
 - Level 3.2 Fighting
 + Level 5.5 Long Blades
 - Level 3.2 Armour
 + Level 7.3 Shields


You had 6 spell levels left.
You didn't know any spells.
Your spell library contained the following spells:

 Spells                   Type           Power      Damage    Failure   Level
 Animate Skeleton         Necr           0%         N/A       52%         1
 Pain                     Necr           0%         1d4       52%         1
 Static Discharge         Conj/Air       0%         N/A       67%         2
 Sublimation of Blood     Necr           0%         N/A       67%         2
 Vampiric Draining        Necr           0%         2d6       88%         3
 Lightning Bolt           Conj/Air       0%         1d11      100%        5
 Maxwell's Capacitive Co  Air            0%         ∞         100%        8


Dungeon Overview and Level Annotations

Branches:
Dungeon (4/15)
 Temple: D:4-7

Altars:
Kikubaaqudgha

Shops:
D:4 =


Innate Abilities, Weirdness & Mutations

You cannot be hasted, slowed, berserked, paralysed or teleported.
You can dig through walls and to a lower floor.
You have a pair of large antennae on your head. (SInv)
Your four strong arms can wield two-handed weapons with a shield.


Message History

The orc wizard mumbles some strange words.
The orc wizard flickers and vanishes for a moment.
The orc hits you with a +4 flail!
You hit the orc but do no damage. The orc hits you with a +0 dagger. x2
Your scale mail prevents you from hitting the orc wizard.
The orc hits you but does no damage.
You hit the orc wizard but do no damage.
The orc wizard hits you but does no damage.
You feel drained. The orc hits you with a +0 dagger.
You slash the orc wizard!
You kill the orc wizard!
Kikubaaqudgha accepts your kill. The orc barely misses you.
Your life force feels restored.
You are too injured to fight recklessly!
You are too injured to fight recklessly!
You are too injured to fight recklessly!
You are too injured to fight recklessly!
You are too injured to fight recklessly!
You are too injured to fight recklessly!
You are too injured to fight recklessly!
You are too injured to fight recklessly!
You barely miss the orc. The orc hits you with a +4 flail!
The orc hits you but does no damage.
You closely miss the orc. The orc hits you but does no damage.
The orc closely misses you.
You riposte.
You slash the orc!
You kill the orc!
Kikubaaqudgha accepts your kill. The orc hits you with a +4 flail.
* * * LOW HITPOINT WARNING * * *
You hit the orc.
The orc is lightly wounded.
The orc hits you with a +0 short sword.
* * * LOW HITPOINT WARNING * * *
The orc barely misses you.
You barely miss the orc.
The orc is lightly wounded.
The orc hits you but does no damage. The orc hits you with a +4 flail!
You die...
Kikubaaqudgha rasps: "You have failed me!
Welcome... death!"

......#.# { .#....)<#
#........
.#'####.####.##.......
......#......##......
......#..######.....
......#..# #....
#########
......#..######...
#......<#
.....###.....#.oo#
#.#######
..........##.#.#@# #.#
.########.##.#.'∩+ #.#
.# #..#.#.#+# #.# .#
#....#.#.# ######.## .#
##..##.#.# #.......#
.##########.##.#.#
#.#######
............##.#.# #.#
##########.....#.###.###
#...#.........#


You could see 2 orcs.

Vanquished Creatures
  Sigmund (D:3)
  An ogre (D:4)
  A howler monkey (D:4)
  Natasha (thrice) (D:3)
  An orc wizard (D:4)
  3 gnolls (D:2)
  4 adders
  A worm (D:3)
  7 orcs
  5 bats
  8 endoplasms
  3 giant cockroaches
  6 goblins
  A hobgoblin (D:2)
  4 jackals (D:4)
  4 quokkas
  11 ball pythons
  A frilled lizard (D:3)
  2 kobolds
  7 rats
74 creatures vanquished.

Vanquished Creatures (others)
  A plant (D:3)
1 creature vanquished.

Grand Total: 75 creatures vanquished

Notes
Turn   | Place    | Note
-------+----------+-------------------------------------------
     0 | D:1      | Crownlay the Formicid Fighter began the quest for the Orb.
     0 | D:1      | Reached XP level 1. HP: 18/18 MP: 1/1
   350 | D:1      | Reached XP level 2. HP: 20/24 MP: 2/2
   436 | D:1      | Reached skill level 4 in Shields
   995 | D:1      | Reached XP level 3. HP: 16/29 MP: 3/3
  1343 | D:1      | Found a faded altar of an unknown god.
  1378 | D:1      | Became a worshipper of Kikubaaqudgha
  1378 | D:1      | Reached * piety under Kikubaaqudgha
  1378 | D:1      | Received a gift from Kikubaaqudgha
  2178 | D:2      | Reached XP level 4. HP: 32/35 MP: 4/4
  2671 | D:2      | Reached skill level 5 in Shields
  2671 | D:2      | HP: 1/35 [gnoll (10)]
  3021 | D:2      | Reached XP level 5. HP: 34/41 MP: 5/5
  3572 | D:3      | Noticed Sigmund
  3582 | D:3      | Killed Sigmund
  3582 | D:3      | Reached ** piety under Kikubaaqudgha
  3583 | D:3      | Reached skill level 6 in Shields
  3583 | D:3      | Reached XP level 6. HP: 23/47 MP: 6/6
  4072 | D:3      | Noticed Natasha
  4083 | D:3      | Killed Natasha
  4335 | D:3      | Noticed Natasha
  4348 | D:3      | Killed Natasha
  4818 | D:3      | Noticed Natasha
  4831 | D:3      | Killed Natasha
  5133 | D:4      | Reached skill level 5 in Long Blades
  5277 | D:4      | Reached XP level 7. HP: 30/52 MP: 7/7
  5718 | D:4      | Reached skill level 7 in Shields
  6025 | D:4      | Found Wupsosm's Jewellery Shop.
  6041 | D:4      | Slain by an orc

Illustrated notes

Levels and vault maps discovered:
D:1:      dpeg_arrival_round_c, layout_basic,
          hellmonk_ecumenical_altar_pennies_from_heaven
D:2:      layout_loops_corners, item_on_display_b
D:3:      layout_basic, guppyfry_early_lair_pool, uniq_natasha, uniq_sigmund
D:4:      layout_basic, serial_shops, kennysheep_mini, supply_closet_lemuel

Skill      XL: |  1  2  3  4  5  6  7 |
---------------+----------------------+-----
Shields        | 4 5 6 7 |  7.3
Long Blades    | 3 4 5 |  5.5
Fighting       | |  3.2
Armour         | |  3.2

Action                   |  1- 3 |  4- 6 |  7- 9 || total
-------------------------+-------+-------+-------++-------
Melee: Long sword        |    92 |   107 |    38 ||   237
Throw: Throwing net      |       |       |     1 ||     1
 Abil: Dig               |     2 |     4 |     1 ||     7
  Use: Potion            |       |     1 |       ||     1
       Scroll            |       |     2 |       ||     2
Armor: Scale mail        |    48 |    38 |    12 ||    98
Dodge: Dodged            |    47 |    73 |    18 ||   138
       Rpst.: Long sword |    13 |    19 |     5 ||    37
